 Dungeon Crawl Stone Soup version 0.30-a0-1016-gfb0d676c02 (webtiles) character file.

Game seed: 1077623406952402400

25 Demosthentine the Ducker (level 2, -3/23 HPs)
             Began as a Demonspawn Gladiator on Apr 6, 2023.
             Frozen to death by an endoplasm (5 damage)
             ... on level 1 of the Dungeon.
             The game lasted 00:00:31 (434 turns).

Demosthentine the Ducker (Demonspawn Gladiator)      Turns: 434, Time: 00:00:31

Health: -3/23      AC:  5    Str: 14    XL:     2   Next: 86%
Magic:  2/2        EV: 12    Int:  9    God:
Gold:   78         SH:  0    Dex: 14    Spells: 1/1 levels left

rFire   . . .      SeeInvis .    a - +0 trident
rCold   . . .      Faith    .    (no shield)
rNeg    . . .      Spirit   .    b - +0 leather armour
rPois   .          Reflect  .    c - +0 helmet
rElec   .          Rampage  .    g - +0 cloak
rCorr   .                        (no gloves)
Will    .....                    (no boots)
Stlth   +                        (no amulet)
HPRegen 0.23/turn                (no ring)
MPRegen 0.08/turn                (no ring)

@: no status effects
A: powered by pain 1
a: no special abilities


You were on level 1 of the Dungeon.
You visited 1 branch of the dungeon, and saw 1 of its levels.

You collected 78 gold pieces.

Inventory:

Hand Weapons
 a - a +0 trident (weapon)
Missiles
 d - 3 throwing nets (quivered)
 e - a javelin
Armour
 b - a +0 leather armour (worn)
 c - a +0 helmet (worn)
 g - a +0 cloak (worn)
Scrolls
 f - a scroll of enchant armour {unknown}
Potions
 h - a potion of attraction {unknown}
 i - a potion of invisibility {unknown}


   Skills:
 + Level 2.3 Fighting
 + Level 3.0 Polearms
 - Level 1.7 Throwing
 + Level 1.0 Armour
 + Level 3.0 Dodging


You had one spell level left.
You didn't know any spells.
Your spell library was empty.

Dungeon Overview and Level Annotations

Branches:
Dungeon (1/15)

Altars:


Innate Abilities, Weirdness & Mutations

You sometimes gain a little power by taking damage.


Message History

There are monsters nearby!
You closely miss the kobold. The kobold hits you but does no damage.
There are monsters nearby!
You miss the kobold. The kobold hits you with a +0 whip.
You barely miss the kobold. The kobold hits you with a +0 whip.
The kobold closely misses you.
There are monsters nearby!
The endoplasm quivers.
You hit the kobold but do no damage. The kobold closely misses you.
There are monsters nearby!
You hit the kobold.
The kobold is moderately wounded.
The kobold hits you with a +0 whip.
You puncture the kobold!
You kill the kobold!
There are monsters nearby!
You barely miss the frilled lizard. The frilled lizard misses you.
There are monsters nearby!
You barely miss the frilled lizard. The frilled lizard bites you.
You are too injured to fight recklessly!
You are too injured to fight recklessly!
You are too injured to fight recklessly!
You closely miss the frilled lizard. The frilled lizard barely misses you.
You hit the frilled lizard.
You kill the frilled lizard!
The endoplasm freezes you.
You are frozen.
You completely miss the endoplasm. The endoplasm freezes you.
You are frozen.
You hit the endoplasm.
The endoplasm is moderately wounded.
The endoplasm freezes you.
You are frozen.
* * * LOW HITPOINT WARNING * * *
You barely miss the endoplasm.
The endoplasm is moderately wounded.
The endoplasm freezes you.
You are frozen.
You die...

..# ..# #.... ..#
.... #.## #... #..#
#.. ##.# #.. #.# #.#
#.######### #J# ###.
##.........#
#@##....
...........# ##.#..#
...........## #.)..#
............###..###
.................#
............####.#
#...........# ..#
#...........# ###
#........†..#.#


You could see an endoplasm.

Vanquished Creatures
  2 bats (D:1)
  3 endoplasms (D:1)
  A giant cockroach (D:1)
  2 hobgoblins (D:1)
  3 quokkas (D:1)
  3 ball pythons (D:1)
  2 frilled lizards (D:1)
  2 goblins (D:1)
  4 kobolds (D:1)
  2 rats (D:1)
24 creatures vanquished.

Notes
Turn   | Place    | Note
-------+----------+-------------------------------------------
     0 | D:1      | Demosthentine the Demonspawn Gladiator began the quest for
                  | the Orb.
     0 | D:1      | Reached XP level 1. HP: 16/16 MP: 1/1
   125 | D:1      | Gained mutation: You sometimes gain a little power by
                  | taking damage. [demonic ancestry]
   125 | D:1      | Reached XP level 2. HP: 13/22 MP: 2/2
   356 | D:1      | Reached skill level 1 in Armour
   434 | D:1      | Frozen to death by an endoplasm

Illustrated notes

Levels and vault maps discovered:
D:1:      dpeg_arrival_line_fractal, layout_basic,
          amcnicky_mini_rare_corridor_liquid

Skill      XL: |  1  2 |
---------------+-------+-----
Dodging        | 3 |  3.0
Polearms       | 3 |  3.0
Armour         | 1 |  1.0
Fighting       | |  2.3
Throwing       | |  1.7

Action                     || total
---------------------------++-------
  Melee: Trident           ||    96
 Armour: Leather armour    ||    21
  Dodge: Dodged            ||    58

Table legend: (Time is in decaauts)
 A = Elapsed time spent in this place.
 B = Non-inter-level travel time spent in this place.
 C = Inter-level travel time spent in this place.
 D = Time resting spent in this place.
 E = Time spent auto-exploring this place.
 F = Levels seen in this place.
 G = Mean time per level.
                   A        B        C        D        E       F      G
               +--------+--------+--------+--------+--------+-----+--------+
         Total |    448 |    448 |      0 |      0 |    279 |   1 |  448.0 |
       Dungeon |    448 |    448 |      0 |      0 |    279 |   1 |  448.0 |
               +--------+--------+--------+--------+--------+-----+--------+

Top non-repeatable levels by time:
     D:1: 448 daAuts
